 Dungeon Crawl Stone Soup version 0.20.1-1-g8b1a95d (webtiles) character file.

37 Zedayar the Poker (level 3, -1/22 HPs)
             Began as a Gargoyle Gladiator on Aug 23, 2017.
             Was an Initiate of Nemelex Xobeh.
             Killed from afar by Sigmund (2 damage)
             ... with a puff of flame
             ... on level 3 of the Dungeon.
             The game lasted 00:08:52 (1072 turns).

Zedayar the Poker (Gargoyle Gladiator)              Turns: 1072, Time: 00:08:54

Health: -1/22      AC:  7    Str: 22    XL:     3   Next: 41%
Magic:  3/3        EV: 12    Int:  8    God:    Nemelex Xobeh [......]
Gold:   68         SH:  0    Dex: 11    Spells: 2/2 levels left

rFire    . . .     SeeInvis .   a - +0 trident
rCold    . . .     Gourm    +   (no shield)
rNeg     + . .     Faith    .   b - +0 leather armour
rPois    ∞         Spirit   .   c - +0 helmet
rElec    +         Reflect  .   (no cloak)
rCorr    .         Harm     .   (no gloves)
MR       .....                  (no boots)
Stlth    +.........             g - amulet of the gourmand
Regen    0.1/turn               h - +4 ring of strength
MPRegen  0.1/turn               (no ring)

@: no status effects
A: negative energy resistance 1, electricity resistance, unbreathing,
petrification resistance, rot immunity, AC +3
a: Renounce Religion


You were on level 3 of the Dungeon.
You worshipped Nemelex Xobeh.
Nemelex Xobeh was noncommittal.
You were hungry.

You visited 1 branch of the dungeon, and saw 3 of its levels.

You collected 68 gold pieces.

Inventory:

Hand Weapons
 a - a +0 trident (weapon)
Armour
 b - a +0 leather armour (worn)
 c - a +0 helmet (worn)
Jewellery
 g - an amulet of the gourmand (around neck)
 h - a +4 ring of strength (left hand)
Scrolls
 e - a scroll of teleportation {unknown}
 n - a scroll of amnesia {unknown}
 o - 2 scrolls of recharging {unknown}
Potions
 i - 2 potions of cancellation {unknown}
 j - a potion of lignification {unknown}
 k - a potion of flight {unknown}
 p - a potion of mutation {unknown}
Miscellaneous
 q - a plain deck of summoning {drawn: 1}
Comestibles
 f - 3 bread rations
 l - a royal jelly
 m - 5 fruits


   Skills:
 * Level 2.9 Fighting
 + Level 3.1 Polearms
 + Level 1.8 Throwing
 + Level 1.0 Armour
 + Level 2.7 Dodging


You had 2 spell levels left.
You didn't know any spells.

Dungeon Overview and Level Annotations

Branches:
Dungeon (3/15)

Altars:
Nemelex Xobeh
The Shining One

Annotations:
D:3 Sigmund


Innate Abilities, Weirdness & Mutations

You are resistant to torment.
Your stone body is resilient. (AC +3)
You are immune to poison.
You resist negative energy. (rN+)
You are resistant to electric shocks. (rElec)
You can survive without breathing.
You are immune to petrification.
You are immune to rotting.


Message History

The bat barely misses you. The adder completely misses you.
Sigmund struggles against the net.
The net rips apart, and Sigmund comes free!
The bat barely misses you. The adder closely misses you.
The bat barely misses you. The adder misses you.
Sigmund points at you and mumbles some strange words.
The puff of flame hits you!
You are feeling hungry.
You barely miss Sigmund. The bat hits you but does no damage.
The adder barely misses you. Sigmund casts a spell at you.
The magic dart hits you!
* * * LOW HITPOINT WARNING * * *
You completely miss Sigmund. The bat hits you but does no damage.
The adder bites you.
* * * LOW HITPOINT WARNING * * *
Sigmund points at you and mumbles some strange words.
The puff of flame hits you!
You die...
Your body disappears without a glow.

#######
#.....#
#.....#
#.....#
#.)...#
#...@b# ..
#...@.##....
#<(S........
#......###..
#....##.#
.....##..#...
......
##.#####
####.. ...
### #.## .#


You could see Sigmund, an adder and a bat.

Vanquished Creatures
  Jessica (D:2)
  A goblin (D:1)
  2 hobgoblins
  A kobold (D:1)
  2 bats (D:1)
  2 frilled lizards
  4 rats
13 creatures vanquished.

Notes
Turn   | Place    | Note
-------+----------+-------------------------------------------
     0 | D:1      | Zedayar the Gargoyle Gladiator began the quest for the Orb.
     0 | D:1      | Reached XP level 1. HP: 12/12 MP: 1/1
   188 | D:1      | Reached XP level 2. HP: 14/18 MP: 2/2
   666 | D:2      | Found a glowing golden altar of the Shining One.
   810 | D:2      | Found a sparkling altar of Nemelex Xobeh.
   823 | D:2      | Became a worshipper of Nemelex Xobeh the Trickster
   997 | D:2      | Noticed Jessica
  1007 | D:2      | Killed Jessica
  1007 | D:2      | Reached skill level 3 in Polearms
  1007 | D:2      | Reached skill level 1 in Armour
  1007 | D:2      | Reached XP level 3. HP: 14/22 MP: 3/3
  1013 | D:2      | Received a gift from Nemelex Xobeh
  1059 | D:3      | Noticed Sigmund
  1072 | D:3      | HP: 1/22 [adder (4)]
  1072 | D:3      | Killed from afar by Sigmund

Skill      XL: |  1  2 |
---------------+-------+-----
Polearms       | 3 |  3.1
Armour         | 1 |  1.0
Fighting       | |  2.9
Throwing       | |  1.8
Dodging        | |  2.7

Action                   || total
-------------------------++-------
Melee: Trident           ||    46
Throw: Throwing net      ||     3
Evoke: Deck              ||     1
  Use: Potion            ||     3
       Scroll            ||     1
 Stab: Sleeping          ||     1
Armor: Leather armour    ||    29
Dodge: Dodged            ||    46
